cohdb
Replays
Latest Replays
All Replays
Popular Replays
Top Player Replays
Match Explorer
How It Works
Community
CoH3 Stats
Reddit
Sign in to upload your games and track your stats! →
Sign in with Steam
Match 46061266
Unlisted
Match 46061266
Overview
Messages
Build Orders
End
Construct Infanterie Kompanie
Kettenkrad Recon Vehicle
Selects Mechanized Battlegroup
MG 42 Machine Gun Team
MG 42 Machine Gun Team
GrW 34 Mortar Team
Infanterie Officer Quarters
Medical Station
Grenadier Squad
Construct Panzergrenadier Kompanie
Selects Spotting Scopes
Support Elements
Panzergrenadier Squad
Pak 40 Anti-tank Gun Team
Nebelwerfer 42 Rocket Launcher Team
Nebelwerfer 42 Rocket Launcher Team
Panzergrenadier Squad
Selects Wespe Self-propelled Artillery
Wespe Self-propelled Artillery
Construct Panzer Kompanie
Selects Zeroing Artillery Barrage
Zeroing Artillery Barrage
Panzer IV Medium Tank
Selects Raid Package
Side Skirts
Sami
Etgo
Hk
[KMLT]Merlin
[KMLT]Karadoc
n1ck123
0
0
Comments
sign in to comment!
No comments posted yet!